 Dungeon Crawl Stone Soup version bcrawl-1.21 (webtiles) character file.

Game seed: 11405125069369983445

323 Mrkan the Skirmisher (level 6, -2/39 HPs)
             Began as a Gargoyle Fighter on Feb 11, 2020.
             Killed by divine providence
             ... invoked by an orc priest
              (10 damage)
             ... on level 4 of the Dungeon.
             The game lasted 00:05:14 (3081 turns).

Mrkan the Skirmisher (Gargoyle Fighter)             Turns: 3081, Time: 00:05:15

Health: -2/39      AC: 14    Str: 21    XL:     6   Next: 47%
Magic:  6/6        EV:  5    Int:  8    God:
Gold:   323        SH:  9    Dex: 10    Spells: 5/5 levels left

rFire    . . .     SeeInvis .   a - +0 flail
rCold    . . .     Gourm    .   c - +0 shield
rNeg     + . .     Faith    .   s - +0 chain mail
rPois    ∞         Spirit   .   (no helmet)
rElec    +         Reflect  .   (no cloak)
rCorr    .         Harm     .   (no gloves)
MR       .....                  (no boots)
Stlth    ..........             (no amulet)
HPRegen  0.13/turn              (no ring)
MPRegen  0.10/turn              (no ring)

@: no status effects
A: negative energy resistance 1, electricity resistance, unbreathing,
petrification resistance, rot immunity, AC +4
a: no special abilities


You were on level 4 of the Dungeon.
You were near starving.

You visited 1 branch of the dungeon, and saw 4 of its levels.

You collected 323 gold pieces.

Inventory:

Hand Weapons
 a - a +0 flail (weapon)
Armour
 c - a +0 shield (worn)
 s - a +0 chain mail (worn)
Jewellery
 i - an uncursed ring of see invisible {unknown}
Scrolls
 f - 5 scrolls of identify {unknown}
 h - a scroll of enchant armour {unknown}
 o - 3 scrolls of magic mapping {unknown}
 p - 2 scrolls of teleportation {unknown}
 r - a scroll of noise {unknown}
 t - a scroll of amnesia {unknown}
Potions
 d - a potion of might
 g - 3 potions of brilliance {unknown}
 j - a potion of agility {unknown}
 k - a potion of haste {unknown}
 l - a potion of mutation {unknown}
 m - 2 potions of flight {unknown}
 n - a potion of resistance {unknown}
 q - 2 potions of heal wounds {unknown}
Comestibles
 e - 6 rations {!d}


   Skills:
 + Level 4.5 Fighting
 * Level 4.4 Maces & Flails
 + Level 4.5 Armour
 + Level 4.4 Shields


You had 5 spell levels left.
You didn't know any spells.
Your spell library was empty.

Dungeon Overview and Level Annotations

Branches:
Dungeon (4/12)
 Temple: D:4-7

Altars:


Innate Abilities, Weirdness & Mutations

You are resistant to torment.
Your stone body is resilient. (AC +4)
You are immune to poison.
You resist negative energy. (rN+)
You are resistant to electric shocks. (rElec)
You can survive without breathing.
You are immune to petrification.
You are immune to rotting.


Message History

The orc priest hits you but does no damage.
The worker ant barely misses you.
The orc wizard hits you but does no damage.
You hit the orc wizard but do no damage.
You block the orc priest's attack. The orc wizard barely misses you.
The worker ant barely misses you.
The orc priest hits you but does no damage.
You closely miss the orc wizard. You block the orc wizard's attack.
The worker ant bites you but does no damage.
The orc wizard hits you but does no damage.
The orc priest hits you from afar with a +0 trident.
* * * LOW HITPOINT WARNING * * *
The worker ant bites you but does no damage.
You closely miss the orc wizard.
The orc wizard hits you but does no damage.
The worker ant bites you but does no damage.
You block the orc wizard's attack.
The orc priest invokes the aid of Beogh against you.
Beogh smites you!
You die...

###...8...8...#
##......
#.'.....(.....+
+....<..
#.#...8...8...#
#####.##
#.##.#.....#.##
#...
#.###.8...8.##
######
#.####.....##
#....#
#....##...##
#.##.#
####.###a###
#.#...
#...#.@oo.#
#.[...
#.###.##o...#
###.#. #.#
#.#o..### #.#.
#.# #.#.....
###. #.#
#.#<..o## ####.
#.###.#....[
#....
#.....#.##.##
#.##. #######.
## # #. #.


You could see a worker ant, an orc priest, an orc wizard and an orc.

Vanquished Creatures
  A phantom (D:4)
  A hound (D:4)
  2 centaur skeletons (D:4)
  6 adders (D:3)
  An ooze (D:3)
  A worm (D:2)
  5 dart slugs
  4 leopard geckos
  2 orcs (D:4)
  6 hobgoblins
  7 jackals
  8 kobolds
  4 quokkas
  5 bats
  3 frilled lizards
  7 goblins
  8 rats
71 creatures vanquished.

Vanquished Creatures (others)
  2 orc wizards (D:4)
2 creatures vanquished.

Grand Total: 73 creatures vanquished

Notes
Turn   | Place    | Note
-------+----------+-------------------------------------------
     0 | D:1      | Mrkan the Gargoyle Fighter began the quest for the Orb.
     0 | D:1      | Reached XP level 1. HP: 14/14 MP: 1/1
    98 | D:1      | Reached XP level 2. HP: 10/19 MP: 2/2
   692 | D:1      | Reached XP level 3. HP: 22/23 MP: 3/3
  1645 | D:3      | Reached XP level 4. HP: 25/29 MP: 4/4
  2103 | D:3      | Reached XP level 5. HP: 31/33 MP: 5/5
  2616 | D:4      | Noticed a phantom
  2659 | D:4      | Reached XP level 6. HP: 9/38 MP: 6/6
  2681 | D:4      | HP: 1/38 [phantom (1)]
  2688 | D:4      | Killed a phantom
  3081 | D:4      | Killed from afar by an orc priest

Skill      XL: |  1  2  3  4  5 |
---------------+----------------+-----
Maces & Flails | 3 4 |  4.4
Fighting       | 4 |  4.5
Armour         | 4 |  4.5
Shields        | 4 |  4.4

Action                   |  1- 3 |  4- 6 || total
-------------------------+-------+-------++-------
Melee: Flail             |   173 |   194 ||   367
  Use: Potion            |       |     1 ||     1
  Eat: Chunk             |     3 |     3 ||     6
Armor: Scale mail        |    96 |    47 ||   143
       Chain mail        |       |   128 ||   128
Dodge: Dodged            |    66 |    66 ||   132
Block: Shield            |   121 |   117 ||   238
